 Dungeon Crawl Stone Soup version 0.29-a0-553-g81b289dbe5 (webtiles) character file.

Game seed: 8111380350425620945

72 porpoise the Poker (level 4, 0/35 HPs)
             Began as a Demonspawn Gladiator on June 7, 2022.
             Slain by a goblin
             ... wielding a +0 club
              (3 damage)
             ... on level 2 of the Dungeon.
             The game lasted 00:04:53 (1231 turns).

porpoise the Poker (Demonspawn Gladiator)           Turns: 1231, Time: 00:04:53

Health: 0/35       AC:  6    Str: 14 (17) XL:     4   Next: 7%
Magic:  4/4        EV: 12    Int:  8 (9)  God:
Gold:   41         SH:  0    Dex: 13 (14) Spells: 3/3 levels left

rFire   . . .      SeeInvis .   a - +0 trident
rCold   . . .      Faith    .   (no shield)
rNeg    . . .      Spirit   .   b - +0 leather armour
rPois   .          Reflect  .   c - +0 helmet
rElec   .          Harm     .   (no cloak)
rCorr   .          Rampage  .   (no gloves)
Will    .....                   (no boots)
Stlth   +.........              (no amulet)
HPRegen 0.11/turn               (no ring)
MPRegen 0.09/turn               (no ring)

@: hasted, very quick
A: icy blue scales 1, powered by death 1
a: no special abilities


You were on level 2 of the Dungeon.
You visited 1 branch of the dungeon, and saw 2 of its levels.

You collected 41 gold pieces.

Inventory:

Hand Weapons
 a - a +0 trident (weapon)
Missiles
 d - 3 throwing nets (quivered)
 e - a javelin
 h - 6 poisoned darts
Armour
 b - a +0 leather armour (worn)
 c - a +0 helmet (worn)
Scrolls
 i - a scroll of enchant weapon {unknown}
Potions
 f - a potion of haste
 g - a potion of curing {unknown}
 j - a potion of degeneration
 k - a potion of invisibility {unknown}
 l - a potion of resistance {unknown}
 m - a potion of flight {unknown}


   Skills:
 * Level 3.1 Fighting
 * Level 3.5 Polearms
 - Level 1.7 Throwing
 + Level 1.2 Armour
 - Level 2.6 Dodging


You had 3 spell levels left.
You didn't know any spells.
Your spell library was empty.

Dungeon Overview and Level Annotations

Branches:
Dungeon (2/15)

Altars:


Innate Abilities, Weirdness & Mutations

You are partially covered in icy blue scales. (AC +2)
You regenerate a little health from kills.


Message History

The gnoll is severely wounded.
The gnoll closely misses you. The gnoll completely misses you.
You hit the gnoll.
You kill the gnoll!
The gnoll hits you from afar with a +0 spear.
You puncture the gnoll! You punch the gnoll.
You kill the gnoll!
The gnoll misses you.
Your Fighting skill increases to level 3!
You reach to attack!
You puncture the gnoll!
You kill the gnoll!
The goblin throws a stone.
The stone hits you but does no damage.
You have reached level 4!
You feel stronger.
You reach to attack!
You puncture the gnoll!
The gnoll is heavily wounded.
The gnoll hits you from afar with a +0 halberd! x2
The goblin hits you with a +0 club.
You are too injured to fight recklessly!
Unknown command.
You aren't carrying any items that you can evoke.
Unknown command.
It was a potion of degeneration.
There was something very wrong with that liquid.
You feel weakened.
You feel dopey.
You feel clumsy.
The gnoll hits you from afar with a +0 halberd.
* * * LOW HITPOINT WARNING * * *
The goblin closely misses you.
It was a potion of haste.
You feel yourself speed up. The gnoll misses you.
The goblin hits you but does no damage.
You hit the goblin but do no damage. You hit the goblin but do no damage.
The gnoll closely misses you. The goblin hits you but does no damage.
You hit the goblin but do no damage. The gnoll closely misses you.
The goblin barely misses you.
You barely miss the goblin.
The gnoll hits you from afar with a +0 halberd!
* * * LOW HITPOINT WARNING * * *
The goblin hits you with a +0 club.
You die...

# g.. #. #####.g..
#####.###.....#
#...........# #. .
.#..#...### ... ..
#....### #.#.
...#..#g# ##.(..
.......g######.....#
...#...#@..........#
.. #..............##
.................##
................#####
.......#####.........
>....................
....###....#.........
.... ........#.......
.........###.#.......


You could see a gnoll and a goblin.

Vanquished Creatures
  3 gnolls (D:2)
  3 dart slugs (D:1)
  3 orcs (D:2)
  6 endoplasms (D:1)
  A giant cockroach (D:1)
  2 goblins (D:1)
  4 hobgoblins
  2 jackals (D:1)
  3 kobolds
  4 bats
  A rat (D:1)
32 creatures vanquished.

Notes
Turn   | Place    | Note
-------+----------+-------------------------------------------
     0 | D:1      | porpoise the Demonspawn Gladiator began the quest for the
                  | Orb.
     0 | D:1      | Reached XP level 1. HP: 16/16 MP: 1/1
   371 | D:1      | Gained mutation: You regenerate a little health from kills.
                  | [demonic ancestry]
   371 | D:1      | Reached XP level 2. HP: 22/23 MP: 2/2
   838 | D:1      | Gained mutation: You are partially covered in icy blue
                  | scales. (AC +2) [demonic ancestry]
   838 | D:1      | Reached XP level 3. HP: 24/28 MP: 3/3
  1134 | D:2      | Reached skill level 1 in Armour
  1225 | D:2      | Reached XP level 4. HP: 29/35 MP: 4/4
  1231 | D:2      | Slain by a goblin

Illustrated notes

Levels and vault maps discovered:
D:1:      scummos_arrival_forest, layout_basic
D:2:      kennysheep_the_goblin_king, layout_rooms, minmay_box_of_dots,
          uniq_jessica

Skill      XL: |  1  2  3 |
---------------+----------+-----
Polearms       | 3 |  3.5
Armour         | 1 |  1.2
Fighting       | 3 |  3.1
Throwing       | |  1.7
Dodging        | |  2.6

Action                   |  1- 3 |  4- 6 || total
-------------------------+-------+-------++-------
Melee: Trident           |    99 |     5 ||   104
       Punch             |     1 |       ||     1
  Use: Potion            |       |     2 ||     2
 Stab: Sleeping          |     1 |       ||     1
Armor: Leather armour    |    25 |     2 ||    27
Dodge: Dodged            |    57 |     5 ||    62

Table legend: (Time is in decaauts)
 A = Elapsed time spent in this place.
 B = Non-inter-level travel time spent in this place.
 C = Inter-level travel time spent in this place.
 D = Time resting spent in this place.
 E = Time spent auto-exploring this place.
 F = Levels seen in this place.
 G = Mean time per level.
                   A        B        C        D        E       F      G
               +--------+--------+--------+--------+--------+-----+--------+
         Total |   1245 |   1236 |      9 |    501 |    510 |   2 |  622.5 |
       Dungeon |   1245 |   1236 |      9 |    501 |    510 |   2 |  622.5 |
               +--------+--------+--------+--------+--------+-----+--------+

Top non-repeatable levels by time:
     D:1: 1137 daAuts
     D:2: 107 daAuts
